[Event "WYCC 2018 G18"]
[Site "Halkidiki"]
[Date "2018.10.26"]
[Round "7"]
[White "Prakapuk, Vera"]
[Black "Avetisyan, Mariam"]
[Result "0-1"]
[ECO "C17"]
[WhiteElo "1949"]
[BlackElo "2049"]
[Annotator "NA"]
[PlyCount "80"]
[EventDate "2018.10.20"]
[EventType "swiss"]
[EventCountry "GRE"]
[SourceTitle "playchess.com"]
[Source "ChessBase"]
[SourceQuality "1"]
[TimeControl "40/5400+30:1800+30"]

1. e4 e6 2. d4 d5 3. Nc3 Bb4 4. e5 c5 5. Bd2 $11 {[%emt 0:00:00] LiveBook: 1106 Games} Bxc3 6. bxc3 Qc7 7. Qg4 Kf8 8. Nf3 Ne7 9. Bd3 c4 10. Be2 Bd7 11. O-O h6 12. h4 Ba4 13. Bd1 Nbc6 14. h5 Qb6 15. Nh4 Rg8 16. Kh1 Ke8 17. f4 Kd7 18. f5 Raf8 19. Qh3 g5 20. fxg6 fxg6 21. Bg4 Nd8 22. Rxf8 Rxf8 23. Nxg6 Nxg6 24. hxg6 Qb2 25. Rc1 Bxc2 26. g7 Rg8 27. Qxh6 Bf5 28. Bh5 Kc8 29. Rd1 Qc2 30. Bg5 Be4 31. Rg1 Qxc3 32. Bg4 Qg3 33. Bxe6+ Nxe6 34. Qxe6+ Kc7 35. Qd6+ Kc8 36. Qh6 c3 37. e6 c2 38. e7 Kd7 39. Bf6 c1=Q 40. e8=Q+ Rxe8 0-1

[Event "WYCC 2018 G18"]
[Site "Halkidiki"]
[Date "2018.10.26"]
[Round "7"]
[White "Sevilla, Julia"]
[Black "Nguyen, Hong Ngoc"]
[Result "0-1"]
[ECO "A40"]
[WhiteElo "1947"]
[BlackElo "1861"]
[Annotator "NA"]
[PlyCount "78"]
[EventDate "2018.10.20"]
[EventType "swiss"]
[EventCountry "GRE"]
[SourceTitle "playchess.com"]
[Source "ChessBase"]
[SourceQuality "1"]
[TimeControl "40/5400+30:1800+30"]

1. d4 e6 2. c4 f5 3. g3 d5 4. Bg2 c6 5. Nf3 Nf6 6. O-O Bd6 7. b3 Qe7 8. Bb2 O-O 9. Nbd2 b6 10. Rc1 Bb7 11. Ne5 c5 12. Ndf3 Nbd7 13. e3 Ne4 14. Nd3 Rad8 15. Qc2 cxd4 16. exd4 Rc8 17. Qe2 Ba6 18. Nfe5 Rc7 19. cxd5 Rxc1 20. Rxc1 Bxe5 21. dxe5 Nec5 22. Ba3 Bxd3 23. Qxd3 Nxd3 24. Bxe7 Nxc1 25. dxe6 Nxe5 26. Bd6 Ng6 27. Bd5 Re8 28. h4 Ne7 29. Bc4 Kf8 30. a4 Rd8 31. Bc7 Rc8 32. Bd6 Na2 33. Kg2 Nc3 34. f3 Nxa4 35. g4 fxg4 36. f4 Nc5 37. f5 Rc6 38. Bf4 Nxf5 39. Bd5 Rxe6 0-1

[Event "WYCC 2018 G18"]
[Site "Halkidiki"]
[Date "2018.10.26"]
[Round "7"]
[White "Golsta, Madara"]
[Black "Cosme Contreras, Trilce"]
[Result "0-1"]
[ECO "B90"]
[WhiteElo "1938"]
[BlackElo "1829"]
[Annotator "NA"]
[PlyCount "58"]
[EventDate "2018.10.20"]
[EventType "swiss"]
[EventCountry "GRE"]
[SourceTitle "playchess.com"]
[Source "ChessBase"]
[SourceQuality "1"]
[TimeControl "40/5400+30:1800+30"]

1. e4 c5 2. Nf3 d6 3. d4 cxd4 4. Nxd4 Nf6 5. Nc3 a6 6. Qf3 Qc7 7. a4 Nc6 8. Be3 e6 9. h3 b6 10. O-O-O Bb7 11. Bd3 Rc8 12. Qe2 Nb4 13. f4 Be7 14. g4 Nd7 15. Nb3 Nc5 16. Nxc5 bxc5 17. Bc4 Bf6 18. Bd2 O-O 19. g5 Bd4 20. Qf3 Qb6 21. Rde1 d5 22. exd5 exd5 23. Bd3 Nxd3+ 24. Qxd3 c4 25. Qe2 Bc6 26. f5 Rb8 27. Qf3 Qxb2+ 28. Kd1 Qa1+ 29. Ke2 Rfe8+ 0-1

[Event "WYCC 2018 G18"]
[Site "Halkidiki"]
[Date "2018.10.26"]
[Round "7"]
[White "Belluire, Beatrice"]
[Black "Ni Mhuireagain, Eibhia"]
[Result "1/2-1/2"]
[ECO "B01"]
[WhiteElo "1931"]
[BlackElo "1655"]
[Annotator "NA"]
[PlyCount "87"]
[EventDate "2018.10.20"]
[EventType "swiss"]
[EventCountry "GRE"]
[SourceTitle "playchess.com"]
[Source "ChessBase"]
[SourceQuality "1"]
[TimeControl "40/5400+30:1800+30"]

1. e4 d5 2. exd5 Qxd5 3. Nc3 Qa5 4. d4 Bf5 5. Nf3 Nd7 6. Bd2 c6 7. Bc4 e6 8. d5 cxd5 9. Nxd5 Qc5 10. Qe2 Ngf6 11. Bb4 Qc8 12. Nxf6+ gxf6 13. O-O-O a6 14. Nd4 Bxb4 15. Nxf5 Ne5 16. Bb3 Qc7 17. f4 Ng6 18. Bxe6 Qxf4+ 19. Kb1 O-O 20. Rd4 Qe5 21. Re4 Qc5 22. Rc4 Qb6 23. Bd7 Rfd8 24. Qh5 Rxd7 25. Qg4 Rad8 26. h4 Ba3 27. b3 Qe6 28. c3 Rd2 29. Re4 Qd7 30. Rhe1 Rd1+ 31. Rxd1 Qxd1+ 32. Qxd1 Rxd1+ 33. Kc2 Rc1+ 34. Kd2 Rg1 35. g3 Rg2+ 36. Kd3 Rxa2 37. Re8+ Bf8 38. h5 Ne5+ 39. Ke3 Ra1 40. Ne7+ Kg7 41. Nf5+ Kg8 42. Ne7+ Kg7 43. Nf5+ Kg8 44. Ne7+ 1/2-1/2

[Event "WYCC 2018 G18"]
[Site "Halkidiki"]
[Date "2018.10.26"]
[Round "7"]
[White "Zairbek kyzy, Begimay"]
[Black "Priyanka, Kumari"]
[Result "1-0"]
[ECO "B22"]
[WhiteElo "1919"]
[BlackElo "2005"]
[Annotator "NA"]
[PlyCount "101"]
[EventDate "2018.10.20"]
[EventType "swiss"]
[EventCountry "GRE"]
[SourceTitle "playchess.com"]
[Source "ChessBase"]
[SourceQuality "1"]
[TimeControl "40/5400+30:1800+30"]

1. e4 c5 2. c3 Nf6 3. e5 Nd5 4. d4 cxd4 5. cxd4 e6 6. Nf3 Nc6 7. Bc4 d6 8. O-O Be7 9. Qe2 O-O 10. Rd1 Qc7 11. Nc3 Nxc3 12. bxc3 dxe5 13. dxe5 Bd7 14. Bd3 Rfd8 15. Qe4 g6 16. h4 Be8 17. Re1 Rac8 18. Bh6 Nb8 19. h5 Qxc3 20. Rac1 Qb4 21. hxg6 hxg6 22. Qe3 Rxc1 23. Rxc1 Qa3 24. Ne1 Nc6 25. Qe2 Qa5 26. Bf4 Bf8 27. Rb1 Qc7 28. Bg5 Rd5 29. f4 Be7 30. Be4 Rd8 31. Nf3 a6 32. Qe1 f5 33. exf6 Bc5+ 34. Kh1 Rd7 35. g3 b6 36. Kg2 Qd6 37. Qc3 Nd4 38. Rh1 Bf7 39. Ne5 Nb5 40. Nxg6 Qd2+ 41. Qxd2 Rxd2+ 42. Kf3 Bxg6 43. Bxg6 Rd7 44. f7+ Kg7 45. Rh7+ Kxg6 46. f8=N+ Bxf8 47. Rxd7 Nc3 48. Be7 Bg7 49. a3 Nd5 50. Bd8 Bf8 51. f5+ 1-0

[Event "WYCC 2018 G18"]
[Site "Halkidiki"]
[Date "2018.10.26"]
[Round "7"]
[White "Gillis Onieva, Celia"]
[Black "Miller, Rachel"]
[Result "1-0"]
[ECO "A43"]
[WhiteElo "1892"]
[BlackElo "1859"]
[Annotator "NA"]
[PlyCount "139"]
[EventDate "2018.10.20"]
[EventType "swiss"]
[EventCountry "GRE"]
[SourceTitle "playchess.com"]
[Source "ChessBase"]
[SourceQuality "1"]
[TimeControl "40/5400+30:1800+30"]

1. d4 Nf6 2. Nf3 c5 3. d5 b5 4. e4 Nxe4 5. Bd3 Nf6 6. Bxb5 Bb7 7. Nc3 g6 8. O-O Bg7 9. d6 O-O 10. dxe7 Qxe7 11. Bg5 d6 12. Re1 Qc7 13. Bc4 a6 14. Nd5 Bxd5 15. Bxd5 Nc6 16. c3 Rab8 17. Re2 Ne7 18. Bc4 Rb6 19. Qe1 Nc6 20. Rd1 Rfb8 21. Bf4 Bf8 22. Ng5 Nd8 23. b3 a5 24. Ne4 Nxe4 25. Rxe4 Nc6 26. Qe2 Ra8 27. Qd3 Ne5 28. Bxe5 dxe5 29. Qd7 Qxd7 30. Rxd7 Rd6 31. Bxf7+ Kg7 32. Rxd6 Bxd6 33. Bd5 Ra7 34. Kf1 Kf6 35. Ke2 Rd7 36. Kd3 Be7 37. Kc4 g5 38. Re2 h6 39. Bf3 Rd1 40. Kb5 Rc1 41. c4 Rd1 42. Rxe5 Rh1 43. Re2 Rxh2 44. Kxa5 Rh4 45. a4 Rd4 46. Bd5 Bd8+ 47. Kb5 Rd3 48. Re3 Rd2 49. Kxc5 Rxf2 50. Rf3+ Rxf3 51. Bxf3 Ke5 52. b4 Be7+ 53. Kb5 Kd6 54. c5+ Kc7 55. Kc4 Kb8 56. b5 h5 57. Bxh5 Bd8 58. b6 Kb7 59. Kb5 g4 60. Bxg4 Bxb6 61. cxb6 Kb8 62. a5 Kb7 63. a6+ Kb8 64. a7+ Kb7 65. Bf3+ Kc8 66. a8=Q+ Kd7 67. Qc6+ Kd8 68. Qc7+ Ke8 69. Bh5+ Kf8 70. Qf7# 1-0

[Event "WYCC 2018 G18"]
[Site "Halkidiki"]
[Date "2018.10.26"]
[Round "7"]
[White "Nistor, Valentina"]
[Black "Martos Amiguet, Valentina"]
[Result "0-1"]
[ECO "B28"]
[WhiteElo "1881"]
[BlackElo "1775"]
[Annotator "NA"]
[PlyCount "98"]
[EventDate "2018.10.20"]
[EventType "swiss"]
[EventCountry "GRE"]
[SourceTitle "playchess.com"]
[Source "ChessBase"]
[SourceQuality "1"]
[TimeControl "40/5400+30:1800+30"]

1. e4 c5 2. Nf3 a6 3. c3 d5 4. exd5 Qxd5 5. d4 e6 6. Be3 cxd4 7. cxd4 Nf6 8. Nc3 Qd6 9. Bd3 Be7 10. O-O O-O 11. Rc1 Nc6 12. a3 h6 13. Qd2 Rd8 14. Rfd1 b5 15. Ne4 Nxe4 16. Bxe4 Bb7 17. Rc2 Rac8 18. Rdc1 Bf6 19. Rd1 Qe7 20. Qe2 Na5 21. Bxb7 Qxb7 22. Ne5 Qd5 23. Rcd2 Nc4 24. Rd3 Qe4 25. f3 Qd5 26. Ng4 Bg5 27. f4 Be7 28. Bc1 Nd6 29. Qe5 Nf5 30. Ne3 Qxe5 31. fxe5 Nxd4 32. Rxd4 Rxd4 33. Rxd4 Rxc1+ 34. Kf2 Bc5 35. Rd8+ Kh7 36. Kf3 Bxe3 37. Kxe3 Rc2 38. Kf3 Rxb2 39. Rd3 Rc2 40. h3 Rc4 41. Ke3 h5 42. Rd7 Kg6 43. Kd3 Ra4 44. Kc3 Rxa3+ 45. Kb4 Re3 46. Ra7 Rxe5 47. Rxa6 Re2 48. Kxb5 Rxg2 49. Ra3 h4 0-1

[Event "WYCC 2018 G18"]
[Site "Halkidiki"]
[Date "2018.10.26"]
[Round "7"]
[White "Buchta, Agnieszka"]
[Black "Perry, Tal"]
[Result "1-0"]
[ECO "C55"]
[WhiteElo "1879"]
[BlackElo "1702"]
[Annotator "NA"]
[PlyCount "39"]
[EventDate "2018.10.20"]
[EventType "swiss"]
[EventCountry "GRE"]
[SourceTitle "playchess.com"]
[Source "ChessBase"]
[SourceQuality "1"]
[TimeControl "40/5400+30:1800+30"]

1. e4 e5 2. Nf3 Nc6 3. Bc4 Nf6 4. d4 exd4 5. e5 d5 6. Bb5 Ne4 7. Nxd4 Bd7 8. Bxc6 bxc6 9. O-O Bc5 10. f3 Ng5 11. f4 Ne4 12. Be3 Bb6 13. Nc3 Nxc3 14. bxc3 Qe7 15. Qf3 O-O 16. Rae1 Qa3 17. f5 Qxc3 18. Qf4 c5 19. f6 cxd4 20. Qg5 1-0

[Event "WYCC 2018 G18"]
[Site "Halkidiki"]
[Date "2018.10.26"]
[Round "7"]
[White "Muratova, Saltanat"]
[Black "Bauyrzhan, Arnash"]
[Result "1/2-1/2"]
[ECO "B42"]
[WhiteElo "1859"]
[BlackElo "2011"]
[Annotator "NA"]
[PlyCount "107"]
[EventDate "2018.10.20"]
[EventType "swiss"]
[EventCountry "GRE"]
[SourceTitle "playchess.com"]
[Source "ChessBase"]
[SourceQuality "1"]
[TimeControl "40/5400+30:1800+30"]

1. e4 c5 2. Nf3 e6 3. d4 cxd4 4. Nxd4 a6 5. Bd3 Nf6 6. O-O d6 7. Qe2 Be7 8. c4 O-O 9. b3 b6 10. Bb2 Bb7 11. Nd2 Nbd7 12. f4 Qc7 13. Kh1 Rac8 14. Rae1 Nc5 15. Bc2 e5 16. fxe5 dxe5 17. Nf5 Rfe8 18. Qf3 Bf8 19. Qg3 Rcd8 20. Nf3 Ncxe4 21. Bxe4 Nxe4 22. Rxe4 Bxe4 23. Nh6+ Kh8 24. Nxe5 Rxe5 25. Bxe5 Qb7 26. Bc7 Re8 27. Nxf7+ Kg8 28. Bd6 Bg6 29. Ng5 Be7 30. Qe5 Bf6 31. Qg3 Bxg5 32. Qxg5 Qe4 33. h3 Qe2 34. Qf4 h6 35. a4 Kh7 36. Bc7 Re7 37. Rc1 Rf7 38. Qg3 Rf2 39. Rg1 Be4 40. Bxb6 Rf6 41. a5 Rg6 42. Qf2 Qd3 43. Qe3 Qxe3 44. Bxe3 Rg3 45. Bf4 Rxh3+ 46. Bh2 Rxb3 47. Re1 Rb1 48. Rxb1 Bxb1 49. Kg1 Kg6 50. Kf2 Kf5 51. Ke3 h5 52. Bc7 h4 53. Bd8 g5 54. Be7 1/2-1/2

[Event "WYCC 2018 G18"]
[Site "Halkidiki"]
[Date "2018.10.26"]
[Round "7"]
[White "Nguyen, Thi Minh Thu"]
[Black "Tsivelekidou, Evgenia"]
[Result "1-0"]
[ECO "E50"]
[WhiteElo "1849"]
[BlackElo "1891"]
[Annotator "NA"]
[PlyCount "165"]
[EventDate "2018.10.20"]
[EventType "swiss"]
[EventCountry "GRE"]
[SourceTitle "playchess.com"]
[Source "ChessBase"]
[SourceQuality "1"]
[TimeControl "40/5400+30:1800+30"]

1. d4 Nf6 2. c4 e6 3. Nc3 Bb4 4. e3 O-O 5. Nf3 d6 6. Bd2 Qe7 7. Qc2 e5 8. a3 Bxc3 9. Bxc3 Nbd7 10. dxe5 dxe5 11. Be2 a5 12. b3 b6 13. O-O Bb7 14. b4 Ne4 15. Bb2 Ng5 16. Nxg5 Qxg5 17. e4 Nf6 18. Bf3 c5 19. bxc5 bxc5 20. Rab1 Bc6 21. Rfe1 Nd7 22. Rbd1 Qg6 23. Rd2 Rfe8 24. Qd1 Rab8 25. Rxd7 Bxd7 26. Qxd7 f6 27. Qd5+ Kh8 28. Bc1 Rec8 29. h3 Qe8 30. Bg4 Rc7 31. Rd1 h5 32. Bf3 Rcc8 33. Qd2 a4 34. Qe2 g6 35. g4 hxg4 36. Bxg4 Rd8 37. Be3 Qc6 38. Rxd8+ Rxd8 39. f3 Qb6 40. Qf2 Kg7 41. f4 Qb1+ 42. Kh2 Qxe4 43. Be2 exf4 44. Qxf4 Qxf4+ 45. Bxf4 g5 46. Bc1 Rb8 47. Kg2 Rb3 48. Kf2 Rc3 49. Be3 Rxa3 50. Bxc5 Rxh3 51. Bd4 a3 52. c5 Rh1 53. Bf1 Rh8 54. c6 Ra8 55. Bh3 Kg6 56. Bd7 f5 57. c7 g4 58. c8=Q Rxc8 59. Bxc8 Kg5 60. Be6 Kf4 61. Bc5 a2 62. Bxa2 Ke4 63. Kg3 Ke5 64. Be3 Ke4 65. Bf4 Kd4 66. Bb1 Kd5 67. Bxf5 Kd4 68. Kxg4 Kd5 69. Kf3 Kd4 70. Ke2 Kc4 71. Ke3 Kd5 72. Kd3 Kc5 73. Be6 Kb5 74. Kc3 Kb6 75. Kc4 Kc6 76. Be5 Kb6 77. Bd7 Kb7 78. Kb5 Ka8 79. Kc6 Ka7 80. Bc8 Ka8 81. Kc7 Ka7 82. Bd4+ Ka8 83. Bb7# 1-0

[Event "WYCC 2018 G18"]
[Site "Halkidiki"]
[Date "2018.10.26"]
[Round "7"]
[White "Hunt, Fikirte"]
[Black "Hrescak, Ivana"]
[Result "0-1"]
[ECO "A10"]
[WhiteElo "1827"]
[BlackElo "2173"]
[Annotator "NA"]
[PlyCount "58"]
[EventDate "2018.10.20"]
[EventType "swiss"]
[EventCountry "GRE"]
[SourceTitle "playchess.com"]
[Source "ChessBase"]
[SourceQuality "1"]
[TimeControl "40/5400+30:1800+30"]

1. c4 g6 2. g3 Bg7 3. Bg2 d6 4. Nf3 e5 5. d3 Nc6 6. Nc3 f5 7. O-O Nge7 8. Rb1 a5 9. a3 O-O 10. Bd2 h6 11. b4 axb4 12. axb4 g5 13. b5 Nb8 14. Qb3 Nd7 15. Na4 c5 16. bxc6 bxc6 17. c5+ d5 18. e4 fxe4 19. dxe4 Rxa4 20. Qxa4 Nxc5 21. Qa2 Nxe4 22. Nxe5 Nxd2 23. Nxc6 Nxc6 24. Bxd5+ Kh8 25. Qxd2 Nd4 26. Qa2 Bh3 27. Rfe1 Qd6 28. Rb7 Qc5 29. Rbe7 Nc2 0-1

[Event "WYCC 2018 G18"]
[Site "Halkidiki"]
[Date "2018.10.26"]
[Round "7"]
[White "Mocanu, Valeria"]
[Black "Booysen, Elda"]
[Result "1-0"]
[ECO "C11"]
[WhiteElo "1800"]
[BlackElo "1452"]
[Annotator "NA"]
[PlyCount "119"]
[EventDate "2018.10.20"]
[EventType "swiss"]
[EventCountry "GRE"]
[SourceTitle "playchess.com"]
[Source "ChessBase"]
[SourceQuality "1"]
[TimeControl "40/5400+30:1800+30"]

1. e4 e6 2. d4 d5 3. Nc3 Nf6 4. e5 Nfd7 5. f4 c5 6. Nf3 Be7 7. Be3 Nc6 8. Qd2 Qb6 9. b3 c4 10. bxc4 Bb4 11. Qd3 Qa5 12. Bd2 dxc4 13. Qxc4 Nb6 14. Qd3 Bd7 15. Ne4 Ke7 16. a3 Bxd2+ 17. Qxd2 Qxd2+ 18. Kxd2 Nd5 19. g3 Na5 20. Nd6 Bc6 21. Be2 f6 22. Rab1 a6 23. c4 Nc7 24. Rhc1 Ne8 25. Nxe8 Rhxe8 26. Ke3 f5 27. Nd2 Red8 28. Nb3 Nxb3 29. Rxb3 Rd7 30. Rd3 Rad8 31. Rcd1 Ba4 32. R1d2 Rc8 33. Rc3 Bc6 34. d5 Bxd5 35. c5 b6 36. Bxa6 Rxc5 37. Rxc5 bxc5 38. Bb5 Rc7 39. Rc2 Be4 40. Rc3 Bd5 41. a4 Kd8 42. a5 Kc8 43. Kd2 Kb7 44. Rc1 Ka7 45. Kc3 Rb7 46. Rb1 Be4 47. Rb3 Bd5 48. Bc4 Rc7 49. Rb6 Rc8 50. Rd6 Rc7 51. Bxd5 exd5 52. Rxd5 c4 53. e6 Ka6 54. Rxf5 Re7 55. Re5 g6 56. Kxc4 Kb7 57. g4 Kc6 58. f5 Kd6 59. Rd5+ Kc6 60. Rd7 {[%emt 0:00:19] Kd5+} 1-0

[Event "WYCC 2018 G18"]
[Site "Halkidiki"]
[Date "2018.10.26"]
[Round "7"]
[White "Yurdakul, Didem Nuray"]
[Black "Simic, Anja"]
[Result "1-0"]
[ECO "B90"]
[WhiteElo "1604"]
[BlackElo "1813"]
[Annotator "NA"]
[PlyCount "87"]
[EventDate "2018.10.20"]
[EventType "swiss"]
[EventCountry "GRE"]
[SourceTitle "playchess.com"]
[Source "ChessBase"]
[SourceQuality "1"]
[TimeControl "40/5400+30:1800+30"]

1. e4 c5 2. Nf3 d6 3. d4 cxd4 4. Nxd4 Nf6 5. Nc3 a6 6. f3 e5 7. Nb3 Be6 8. Be3 Be7 9. Qd2 O-O 10. O-O-O Nbd7 11. g4 b5 12. g5 b4 13. Ne2 Ne8 14. f4 a5 15. f5 a4 16. Nbd4 exd4 17. Nxd4 b3 18. Kb1 bxc2+ 19. Nxc2 Bb3 20. axb3 axb3 21. Na3 Ne5 22. h4 Ra5 23. Qg2 d5 24. Rxd5 Rxd5 25. exd5 Bxa3 26. bxa3 Nd6 27. Bd4 Nec4 28. Bc5 Re8 29. Bxc4 Nxc4 30. Rc1 Ne5 31. Qe4 Nd7 32. Qd4 Nxc5 33. Qxc5 h6 34. d6 hxg5 35. hxg5 Qxg5 36. d7 Rd8 37. Qe5 Qg2 38. Rc8 Qa2+ 39. Kc1 Qxa3+ 40. Qb2 Qe7 41. Rxd8+ Qxd8 42. Qd4 Kf8 43. Qc5+ Kg8 44. Qc8 1-0

[Event "WYCC 2018 G18"]
[Site "Halkidiki"]
[Date "2018.10.26"]
[Round "7"]
[White "Salas Estrada, Ana Valeria"]
[Black "Greibrokk, Ingrid"]
[Result "1/2-1/2"]
[ECO "B50"]
[WhiteElo "1593"]
[BlackElo "2018"]
[Annotator "NA"]
[PlyCount "112"]
[EventDate "2018.10.20"]
[EventType "swiss"]
[EventCountry "GRE"]
[SourceTitle "playchess.com"]
[Source "ChessBase"]
[SourceQuality "1"]
[TimeControl "40/5400+30:1800+30"]

1. e4 c5 2. Nf3 d6 3. d3 Nc6 4. g3 g6 5. Bg2 Bg7 6. O-O Nf6 7. Re1 O-O 8. c3 Bg4 9. Nbd2 Nd7 10. Nf1 Nde5 11. Ne3 Bxf3 12. Bxf3 Nxf3+ 13. Qxf3 Rb8 14. Qe2 b5 15. Ng4 h5 16. Ne3 b4 17. Bd2 bxc3 18. Bxc3 Nd4 19. Qd1 Qd7 20. Rb1 Rb7 21. Kg2 Rfb8 22. b3 Nf3 23. Qxf3 Bxc3 24. Rec1 Bg7 25. Rc4 a5 26. Nd5 a4 27. Rxa4 e6 28. Nf6+ Bxf6 29. Qxf6 Qxa4 30. bxa4 Rxb1 31. Qe7 R1b7 32. Qxd6 Ra8 33. Qxc5 Rba7 34. d4 Rxa4 35. d5 R4a5 36. Qc6 exd5 37. exd5 Rd8 38. d6 Ra7 39. a4 Rad7 40. a5 Rxd6 41. Qb7 R6d7 42. Qa6 Rb8 43. Kf3 Rbb7 44. Kf4 Ra7 45. Qb6 Ra8 46. Kg5 Rda7 47. Kh6 Rxa5 48. Qf6 Kf8 49. Qd6+ Ke8 50. Qc6+ Ke7 51. Qc7+ Kf6 52. Qd6+ Kf5 53. Qf4+ Ke6 54. Qe4+ Kd6 55. Qf4+ Ke7 56. Qc7+ Ke6 1/2-1/2

[Event "WYCC 2018 G18"]
[Site "Halkidiki"]
[Date "2018.10.27"]
[Round "8"]
[White "Sargsyan, Anna M."]
[Black "Obolentseva, Alexandra"]
[Result "1/2-1/2"]
[ECO "A48"]
[WhiteElo "2331"]
[BlackElo "2298"]
[Annotator "NA"]
[PlyCount "113"]
[EventDate "2018.10.20"]
[EventType "swiss"]
[EventCountry "GRE"]
[SourceTitle "playchess.com"]
[Source "ChessBase"]
[SourceQuality "1"]
[TimeControl "40/5400+30:1800+30"]

1. d4 Nf6 2. Nf3 g6 3. Bg5 Bg7 4. Nbd2 d5 5. e3 O-O 6. Be2 Nbd7 7. O-O c5 8. c3 b6 9. a4 a6 10. Qb3 h6 11. Bh4 Bb7 12. Rfd1 g5 13. Bg3 Nh5 14. Qa3 Nxg3 15. hxg3 Qc7 16. Rac1 e5 $11 17. c4 exd4 18. exd4 Qb8 19. a5 cxd4 20. axb6 dxc4 21. Nxc4 Bd5 22. Nxd4 Nxb6 23. Ne3 Be6 24. Nc6 Qe8 25. Bf3 Kh8 26. Qa5 Nd7 27. Nf5 Bxf5 28. Qxf5 Nf6 29. Rd6 g4 30. Bd1 Nh7 31. Bc2 Ng5 32. Qxg4 f5 33. Qb4 Nf7 34. Re1 Qxe1+ 35. Qxe1 Nxd6 36. Qb4 Rf6 37. Ne7 a5 38. Qf4 Re6 39. Nxf5 Rf8 40. Qg4 Nxf5 41. Bxf5 Re1+ 42. Kh2 Re5 43. Bd3 Rxf2 44. Qg6 Kg8 45. Qh7+ Kf8 46. Bc4 Rf7 47. Bxf7 Kxf7 48. g4 Rb5 49. b3 Kf8 50. Qd3 Rg5 51. Kg3 Kg8 52. Kf4 Kh8 53. Qd8+ Kh7 54. Qe8 Bh8 55. Qe4+ Kg8 56. Qe6+ Kh7 57. Qe4+ 1/2-1/2

[Event "WYCC 2018 G18"]
[Site "Halkidiki"]
[Date "2018.10.27"]
[Round "8"]
[White "Di Benedetto, Desiree"]
[Black "Zairbek kyzy, Begimay"]
[Result "1-0"]
[ECO "D37"]
[WhiteElo "2321"]
[BlackElo "1919"]
[Annotator "NA"]
[PlyCount "99"]
[EventDate "2018.10.20"]
[EventType "swiss"]
[EventCountry "GRE"]
[SourceTitle "playchess.com"]
[Source "ChessBase"]
[SourceQuality "1"]
[TimeControl "40/5400+30:1800+30"]

1. d4 d5 2. c4 e6 3. Nc3 Nf6 4. Nf3 Be7 5. Bf4 O-O 6. e3 c5 7. dxc5 Bxc5 8. a3 a5 {[%emt 0:03:04] LiveBook: 3 Games} (8... Nc6 $11 {keeps the balance.}) 9. cxd5 exd5 10. Rc1 Nc6 11. Nb5 Bb6 12. Be2 Ne4 13. O-O Be6 $14 14. Nfd4 Nxd4 15. Nxd4 Nd6 16. Be5 Re8 17. Nxe6 fxe6 18. Bd3 Nf7 19. Qh5 h6 20. Bg3 Qf6 21. Bg6 Qe7 22. Bxf7+ Qxf7 23. Qe5 Rec8 24. Qd6 Bd8 25. h3 Qe7 26. Qf4 Rc6 27. Rxc6 bxc6 28. b4 axb4 29. axb4 Bb6 30. Rc1 Rc8 31. Qg4 c5 32. bxc5 Rxc5 33. Rb1 Bc7 34. Bxc7 Rxc7 35. g3 Rc4 36. Qg6 Rc8 37. Rb6 e5 38. Re6 Qa7 39. Re8+ Rxe8 40. Qxe8+ Kh7 41. Qxe5 Qc5 42. Kg2 Qc6 43. Qd4 g5 44. g4 Kg6 45. Kg3 h5 46. Qd3+ Kh6 47. gxh5 Qc7+ 48. Kg2 Kxh5 49. Qxd5 Kh6 50. Qe6+ 1-0

[Event "WYCC 2018 G18"]
[Site "Halkidiki"]
[Date "2018.10.27"]
[Round "8"]
[White "Avramidou, Anastasia"]
[Black "Martynkova, Olena"]
[Result "1-0"]
[ECO "E70"]
[WhiteElo "2285"]
[BlackElo "2188"]
[Annotator "NA"]
[PlyCount "103"]
[EventDate "2018.10.20"]
[EventType "swiss"]
[EventCountry "GRE"]
[SourceTitle "playchess.com"]
[Source "ChessBase"]
[SourceQuality "1"]
[TimeControl "40/5400+30:1800+30"]

1. c4 Nf6 2. Nc3 g6 3. d4 Bg7 4. e4 d6 5. Bd3 O-O 6. Nge2 c5 7. d5 e6 8. Bg5 h6 9. Bh4 exd5 {[%emt 0:08:06] LiveBook: 33 Games} 10. exd5 Nbd7 11. f4 Re8 $14 12. O-O Qb6 13. Qd2 Ng4 14. h3 Ngf6 15. Rf3 Nf8 16. Raf1 Bd7 17. g4 a6 18. Kg2 Qc7 19. Bxf6 Bxf6 20. Ne4 Bg7 21. f5 Nh7 22. Qf4 Rxe4 23. Bxe4 g5 24. Qd2 Nf6 25. Bd3 b5 26. b3 Qd8 27. Ng3 b4 28. Nh1 a5 29. Nf2 a4 30. h4 gxh4 31. g5 hxg5 32. Qxg5 Nh7 33. Qxd8+ Rxd8 34. Ne4 Be5 35. Rh1 Nf6 36. Rxh4 Kf8 37. Rh6 Nxe4 38. Bxe4 Bg7 39. Rxd6 Ke7 40. Ra6 axb3 41. axb3 Bf6 42. Bd3 Rg8+ 43. Rg3 Rxg3+ 44. Kxg3 Be5+ 45. Kg4 f6 46. Kh5 Bd6 47. Kg6 Be5 48. Kg7 Bd4 49. d6+ Kd8 50. Be4 Bc8 51. Ra8 Kd7 52. Bd5 1-0

[Event "WYCC 2018 G18"]
[Site "Halkidiki"]
[Date "2018.10.27"]
[Round "8"]
[White "Kiolbasa, Oliwia"]
[Black "Garcia Martin, Marta"]
[Result "1/2-1/2"]
[ECO "C92"]
[WhiteElo "2254"]
[BlackElo "2329"]
[Annotator "NA"]
[PlyCount "183"]
[EventDate "2018.10.20"]
[EventType "swiss"]
[EventCountry "GRE"]
[SourceTitle "playchess.com"]
[Source "ChessBase"]
[SourceQuality "1"]
[TimeControl "40/5400+30:1800+30"]

1. e4 e5 2. Nf3 Nc6 3. Bb5 a6 4. Ba4 Nf6 5. O-O Be7 6. Re1 b5 7. Bb3 d6 8. c3 O-O 9. h3 Bb7 10. d4 Nd7 11. Nbd2 exd4 12. cxd4 Re8 13. Nf1 Bf6 14. Ng3 g6 15. Bh6 Na5 16. Bc2 {[%emt 0:00:07] LiveBook: 30 Games} Nc4 17. b3 Na3 18. Bd3 $11 c5 19. Bf4 Qb6 20. e5 Bg7 21. Rc1 c4 22. bxc4 bxc4 23. Bxc4 Nxc4 24. Rxc4 dxe5 25. dxe5 Nf8 26. Qd6 Qa5 27. Qb4 Qxb4 28. Rxb4 Bxf3 29. gxf3 Ne6 30. Nf1 a5 31. Rc4 Nxf4 32. Rxf4 Rxe5 33. Rxe5 Bxe5 34. Re4 Bc3 35. Ne3 Rd8 36. Rc4 Bb4 37. Nc2 Rd1+ 38. Kg2 Rc1 39. Ne3 Ra1 40. Nc2 Rc1 41. Ne3 Rb1 42. Nd5 Kg7 43. Nxb4 Rxb4 44. Rc5 Ra4 45. Rc2 g5 46. Kg3 Kg6 47. Rc6+ f6 48. Rc2 h5 49. Rd2 Kf5 50. Re2 h4+ 51. Kg2 Ra3 52. Rc2 Ke5 53. Rc5+ Kd6 54. Rc2 Kd5 55. Rd2+ Kc5 56. Re2 Ra4 57. Re6 Rf4 58. Re3 Kb4 59. Kf1 Rf5 60. Rb3+ Ka4 61. Rd3 Rc5 62. Rd6 f5 63. f4 g4 64. hxg4 fxg4 65. f5 h3 66. Kg1 Rxf5 67. Rd4+ Ka3 68. Rxg4 h2+ 69. Kh1 Kxa2 70. f4 a4 71. Kxh2 a3 72. Kg3 Kb3 73. Rg8 Ra5 74. Rb8+ Kc2 75. Rc8+ Kb2 76. Rb8+ Kc3 77. Rc8+ Kb3 78. Rb8+ Kc3 79. Rc8+ Kb4 80. Rb8+ Ka4 81. Rb1 a2 82. Ra1 Kb3 83. Kf3 Kb2 84. Rxa2+ Kxa2 85. Ke4 Kb3 86. f5 Kc4 87. f6 Kc5 88. f7 Ra8 89. Ke5 Kc6 90. Ke6 Rf8 91. Ke7 Rxf7+ 92. Kxf7 1/2-1/2